Map: Chantier naval orbital

Players

Senryakku - Winner!

  • Race: Terran Terran
  • League: Diamond

Swarm

  • Race: Zerg Zerg
  • League: Diamond

VOD

Have the link to the VOD?

Description

Time

  • Played on: Nov. 30, 2015, 5:22 p.m.
  • Length: 11:23
Show
View Real Time Build Order
Export as new Build Order

Senryakku Terran - Winner!

Build Orders: Hellion Banshee 

Get SALT Encoding   

  12  0:01  SCV  
  13  0:13  SCV  
  14  0:17  Supply Depot  
  14  0:25  SCV  
  15  0:39  SCV  
  15  0:40  Barracks  
  16  0:51  SCV  
  17  1:03  SCV  
  18  1:15  SCV  
  19  1:27  Marine  
  19  1:28  Orbital Command  
  20  1:35  Command Center  
  20  1:40  Refinery  
  20  1:41  Refinery  
  20  1:48  Supply Depot  
  20  1:50  Marine  
  20  1:54  SCV  
  22  2:06  SCV  
  23  2:09  Marine  
  24  2:19  SCV  
  25  2:27  Factory  
  25  2:35  SCV  
  26  2:41  Barracks Reactor  
  26  2:47  SCV, Orbital Command  
  27  2:59  SCV  
  28  3:06  Supply Depot  
  28  3:15  Starport  
  28  3:18  Starport  
  28  3:22  Hellion x2  
  28  3:23  SCV  
  28  3:24  SCV  
  34  3:35  Refinery  
  34  3:36  SCV x2  
  36  3:43  Hellion x2  
  40  3:50  SCV x2  
  40  3:52  Refinery  
  40  3:53  Supply Depot, Starport Tech Lab  
  40  3:54  Starport Tech Lab  
  42  4:02  SCV x2  
  44  4:07  Hellion x2  
  48  4:15  SCV x2  
  50  4:17  Cloaking Field  
  50  4:22  Banshee  
  50  4:23  Banshee  
  56  4:29  Supply Depot  
  56  4:35  Hellion x2  
  56  4:36  SCV x2  
  62  4:50  SCV x2  
  62  4:51  Supply Depot  
  64  5:04  SCV x2  
  64  5:05  Banshee  
  64  5:06  Banshee  
  68  5:15  Supply Depot  
  67  5:21  SCV x2  
  72  5:40  Starport  
  66  5:50  Factory Reactor  
  57  6:04  Banshee x2  
  62  6:25  Starport Reactor  
  62  6:27  Command Center  
  62  6:28  SCV x2  
  62  6:32  Supply Depot  
  68  6:33  Hellion x2  
  68  6:40  SCV x2  
  68  6:44  Armory  
  70  6:48  Liberator x2  
  70  6:52  Liberator x2  
  70  7:04  SCV x2  
  62  7:41  Orbital Command  
  62  7:43  SCV  
  63  7:44  Terran Ship Weapons Level 1  
  63  7:45  Supply Depot  
  63  7:48  Liberator x2  
  63  7:54  Hellbat x2  
  67  8:05  Banshee x2  
  73  8:23  Orbital Command  
  73  8:33  Liberator x2  
  73  8:37  SCV x2  
  73  8:38  Hellion, Hellbat  
  73  8:41  Supply Depot  
  79  8:44  Supply Depot, Refinery  
  79  8:46  Supply Depot  
  79  8:48  Refinery  
  79  8:49  SCV x2  
  79  8:50  SCV  
  79  8:51  Banshee x2  
  94  8:59  Hellbat x2  
  94  9:01  SCV  
  99  9:04  SCV  
  99  9:05  SCV  
  101  9:13  SCV  
  101  9:14  Hellion  
  101  9:15  Supply Depot  
  101  9:16  Supply Depot, SCV  
  101  9:17  SCV  
  104  9:20  Factory  
  104  9:22  Barracks Tech Lab  
  104  9:26  SCV  
  104  9:28  Hellbat x2  
  109  9:45  SCV x3  
  112  9:57  Command Center, SCV  
  113  10:05  Liberator x2  
  110  10:20  SCV  
  110  10:21  SCV x2, Banshee  
  113  10:22  Banshee  
  113  10:23  Factory Tech Lab  
  113  10:27  Hellbat x2  
  129  10:28  Supply Depot  
  129  10:31  Supply Depot x2  
  129  10:32  Armory  
Show
View Real Time Build Order
Export as new Build Order

Swarm Zerg 

Build Orders: Hatch First 

Get SALT Encoding   

  12  0:01  Drone  
  13  0:11  Drone  
  14  0:17  Overlord  
  14  0:26  Extractor  
  14  0:27  Drone, Extractor  
  13  0:30  Drone  
  16  0:36  Drone  
  17  0:56  Hatchery  
  16  0:59  Drone  
  17  1:14  Spawning Pool  
  17  1:16  Drone, Extractor  
  16  1:24  Drone  
  17  1:30  Drone  
  18  1:32  Drone  
  19  1:40  Overlord  
  19  2:00  Queen  
  21  2:02  Zergling x4  
  21  2:07  Queen  
  25  2:13  Drone x2  
  27  2:16  Metabolic Boost  
  27  2:27  Drone x2  
  29  2:31  Drone  
  30  2:42  Drone x2  
  32  2:45  Queen  
  34  2:52  Overlord x2  
  34  2:56  Drone  
  35  3:09  Roach Warren  
  35  3:12  Drone  
  35  3:13  Drone x2  
  37  3:21  Extractor  
  36  3:31  Drone x3  
  36  3:32  Overlord x2  
  39  3:36  Overlord  
  39  3:51  Roach x6  
  51  3:58  Roach  
  51  3:59  Roach x2  
  57  4:08  Roach x3  
  63  4:26  Overlord x2  
  63  4:30  Lair  
  63  4:32  Zergling x10  
  68  4:48  Ravager  
  68  4:49  Ravager  
  68  4:52  Zergling x18  
  74  5:11  Zergling x8  
  77  5:20  Spore Crawler  
  69  5:22  Spore Crawler  
  69  5:23  Drone x2  
  69  5:24  Drone  
  53  5:43  Drone x3  
  53  5:57  Queen  
  53  6:01  Extractor  
  53  6:02  Spawning Pool  
  49  6:04  Extractor  
  49  6:05  Roach  
  49  6:06  Roach x6  
  56  6:14  Overseer  
  56  6:15  Hydralisk Den  
  53  6:33  Queen  
  55  6:51  Hydralisk  
  55  6:52  Hydralisk x7  
  67  7:33  Hydralisk  
  67  7:34  Hydralisk x5  
  61  8:11  Muscular Augments  
  59  8:15  Hydralisk  
  59  8:16  Evolution Chamber, Hydralisk x3  
  59  8:17  Hatchery  
  59  8:19  Evolution Chamber  
  53  8:34  Hydralisk x3  
  61  8:48  Evolution Chamber  
  60  8:49  Hydralisk  
  60  8:50  Hydralisk x2  
  60  8:52  Zergling x4  
  68  9:01  Roach x4  
  76  9:13  Hydralisk x3  
  82  9:24  Hydralisk  
  82  9:27  Overlord  
  84  9:49  Nydus Network  
  83  10:08  Overlord x2  
  83  10:28  Roach x8  
  99  10:42  Nydus Canal  
  99  11:12  Hydralisk Den  
Tags
 
Add a new tag
Caveats
  • Supply blocks, unpowered buildings, or Contaminate may cause inaccurate times.
  • Supply counts are checked every 10 seconds.